 Dungeon Crawl Stone Soup version 0.28.0 (webtiles) character file.

Game seed: 5296657480343044822

2216 AmazingTV the Shield-Bearer (level 9, -1/78 HPs)
             Began as a Minotaur Fighter on June 20, 2022.
             Slain by a gnoll sergeant (12 damage)
             ... on level 6 of the Dungeon on June 21, 2022.
             The game lasted 00:17:29 (4466 turns).

AmazingTV the Shield-Bearer (Minotaur Fighter)      Turns: 4466, Time: 00:17:30

Health: -1/78      AC:  7    Str: 24    XL:     9   Next: 13%
Magic:  11/11      EV: 11    Int:  5    God:
Gold:   229        SH:  0    Dex: 11    Spells: 8/8 levels left

rFire   . . .      SeeInvis .   a - +0 war axe
rCold   . . .      Faith    .   v - orb {*Rage}
rNeg    . . .      Spirit   .   C - +0 scale mail
rPois   .          Reflect  .   (helmet restricted)
rElec   .          Harm     .   (no cloak)
rCorr   .          Rampage  .   (no gloves)
Will    .....      Rage     20% (no boots)
Stlth   ..........              p - amulet of regeneration
HPRegen 1.03/turn               (no ring)
MPRegen 0.12/turn               (no ring)

@: no status effects
A: horns 2, retaliatory headbutt
a: no special abilities


You were on level 6 of the Dungeon.
You visited 1 branch of the dungeon, and saw 6 of its levels.

You collected 319 gold pieces.
You spent 90 gold pieces at shops.

Inventory:

Hand Weapons
 a - a +0 war axe (weapon)
 t - a +0 hand axe
 w - a +1 trident of venom
 x - a +0 flail
Missiles
 r - 33 bolts
Armour
 c - a +0 buckler
 s - a +0 plate armour
 v - an orb of wrath (worn)
 C - a +0 scale mail (worn)
Jewellery
 p - an amulet of regeneration (around neck)
 y - a ring of wizardry
Scrolls
 e - a scroll of identify {unknown}
 f - 5 scrolls of teleportation {unknown}
 g - 2 scrolls of magic mapping {unknown}
 h - a scroll of blinking {unknown}
 j - a scroll of enchant armour {unknown}
 k - 3 scrolls of holy word {unknown}
 l - a scroll of noise {unknown}
 m - a scroll of fog {unknown}
 n - a scroll of fear {unknown}
 u - a scroll of acquirement {unknown}
Potions
 b - a potion of degeneration {unknown}
 d - a potion of attraction {unknown}
 i - 4 potions of curing
 o - a potion of cancellation {unknown}
 q - 2 potions of mutation {unknown}
 z - 2 potions of brilliance {unknown}
 A - a potion of flight {unknown}
 B - a potion of invisibility {unknown}


   Skills:
 + Level 6.6 Fighting
 + Level 5.8(6.8) Axes
 + Level 5.2(6.5) Maces & Flails
 + Level 6.5 Armour
 + Level 4.8 Dodging
 + Level 6.6 Shields
 + Level 4.2 Invocations


You had 8 spell levels left.
You didn't know any spells.
Your spell library contained the following spells:

 Spells                   Type           Power      Damage    Failure   Level
 Sandblast                Erth           0%         2d4       75%         1
 Passwall                 Tmut/Erth      0%         N/A       87%         2
 Stone Arrow              Conj/Erth      0%         3d7       98%         3


Dungeon Overview and Level Annotations

Branches:
Dungeon (6/15)             Temple (0/1) D:6

Altars:
Sif Muna
Xom
Zin


Innate Abilities, Weirdness & Mutations

You have a pair of horns on your head.
You reflexively headbutt those who attack you in melee.


Message History

You kill the gnoll!
You slash the gnoll!
You kill the gnoll!
You feel sick.
The gnoll sergeant hits you from afar with a +7 spear of venom!
You feel sick. The gnoll hits you but does no damage.
The gnoll sergeant hits you with a +7 spear of venom.
You are more poisoned.
You slash the gnoll sergeant!
The gnoll sergeant is moderately wounded.
You completely miss the gnoll.
You feel very sick. The gnoll hits you with a +0 whip.
The gnoll sergeant hits you with a +7 spear of venom!
You are more poisoned.
You closely miss the gnoll sergeant.
The gnoll sergeant is moderately wounded.
You slash the gnoll!
You kill the gnoll!
You feel very sick.
The gnoll sergeant hits you with a +7 spear of venom!
You are more poisoned.
You are too injured to fight recklessly!
You closely miss the gnoll sergeant. You headbutt the gnoll sergeant.
The gnoll sergeant is heavily wounded.
You feel extremely sick. The gnoll sergeant barely misses you.
You furiously retaliate!
You headbutt the gnoll sergeant. You closely miss the gnoll sergeant.
You headbutt the gnoll sergeant.
The gnoll sergeant is almost dead.
* * * LOW HITPOINT WARNING * * *
You feel extremely sick.
The gnoll sergeant hits you with a +7 spear of venom!
* * * LOW HITPOINT WARNING * * *
You are more poisoned.
The gnoll sergeant hits you with a +7 spear of venom!
* * * LOW HITPOINT WARNING * * *
You feel better.
The gnoll sergeant hits you with a +7 spear of venom!
You die...

.........#.........
#...###)###.######.
....†..## ##.....#
)..(##..###.####+###
#....#.#.#.###.....#
###..#.##.####.⌠.⌠.###
#..#.##.##.+..>.[+.#
#..#.##....#.⌠)g.#.#
#..#.####.##.)@).#.##
#..#)####.####'###.)######
#...)...........##...(....
##.#.[.....####...........
#.######..# #.88888888..
#.# #..# #.8888.888.. #.#
#..# #...........
#.######..## #.....8.....
#>.........###.....8.....


You could see a gnoll sergeant.

Vanquished Creatures
  Grinder (D:3)
  A water moccasin (D:6)
  Duvessa (D:6)
  An orc warrior (D:4)
  2 ice beasts
  A sky beast (D:6)
  4 ogres
  A centaur (D:6)
  3 phantoms
  Blork the orc (D:6)
  2 scorpions (D:4)
  Dowan (D:6)
  5 hounds
  A jelly (D:4)
  A bullfrog skeleton (D:6)
  3 iguanas
  4 orc wizards (D:4)
  8 adders
  3 gnolls (D:6)
  A shadow imp (D:5)
  2 worms
  7 dart slugs
  7 orcs
  6 ball pythons
  4 bats
  4 endoplasms
  5 goblins
  4 hobgoblins
  3 jackals (D:4)
  9 kobolds
  8 quokkas
  6 frilled lizards
  5 rats
115 creatures vanquished.

Notes
Turn   | Place    | Note
-------+----------+-------------------------------------------
     0 | D:1      | AmazingTV the Minotaur Fighter began the quest for the Orb.
     0 | D:1      | Reached XP level 1. HP: 19/19 MP: 0/0
   258 | D:1      | Reached XP level 2. HP: 25/27 MP: 1/1
   327 | D:1      | Found a faded altar of an unknown god.
   713 | D:2      | Reached skill level 1 in Maces & Flails
   713 | D:2      | Reached XP level 3. HP: 26/33 MP: 2/2
   877 | D:2      | Reached skill level 1 in Dodging
   966 | D:2      | Found a shimmering blue altar of Sif Muna.
   971 | D:2      | Reached skill level 1 in Invocations
  1669 | D:3      | Reached XP level 4. HP: 36/40 MP: 3/3
  2255 | D:3      | Noticed a necrophage
  2368 | D:4      | Noticed a phantom
  2394 | D:4      | Killed a phantom
  2395 | D:4      | Reached XP level 5. HP: 20/47 MP: 3/5
  2693 | D:4      | Found a shimmering altar of Xom.
  2727 | D:4      | Reached XP level 6. HP: 27/53 MP: 6/6
  2784 | D:4      | Noticed an orc warrior
  2809 | D:4      | Killed an orc warrior
  2810 | D:4      | Reached skill level 5 in Fighting
  2810 | D:4      | Reached skill level 5 in Shields
  2810 | D:4      | Reached XP level 7. HP: 47/61 MP: 7/7
  2820 | D:4      | Reached skill level 5 in Armour
  3139 | D:3      | Noticed Grinder
  3163 | D:3      | Killed Grinder
  3308 | D:5      | Entered Level 5 of the Dungeon
  3378 | D:5      | Reached XP level 8. HP: 69/69 MP: 9/9
  3394 | D:5      | Found a glowing silver altar of Zin.
  3395 | D:5      | Found Zin's Purification Station.
  3402 | D:5      | Bought a potion of curing for 90 gold pieces
  4139 | D:6      | Reached skill level 5 in Axes
  4191 | D:6      | Noticed Duvessa
  4192 | D:6      | Noticed Dowan
  4199 | D:6      | Killed Duvessa
  4207 | D:6      | Killed Dowan
  4276 | D:6      | Reached skill level 5 in Maces & Flails
  4300 | D:6      | Reached XP level 9. HP: 52/78 MP: 11/11
  4355 | D:6      | Noticed Blork the orc
  4368 | D:6      | Killed Blork the orc
  4458 | D:6      | Found a staircase to the Ecumenical Temple.
  4465 | D:6      | HP: 2/78 [gnoll sergeant (9)]
  4466 | D:6      | Slain by a gnoll sergeant

Illustrated notes

Levels and vault maps discovered:
D:1:      ncdulo_halloftheorcs, layout_rooms, chequers_ecumenical_altar_twisty
D:2:      layout_rooms, basic_altar, minmay_increasing_density
D:3:      layout_loops_ring, chequers_avenue, uniq_grinder
D:4:      kennysheep_big_flooded_room, layout_basic, mainiacjoe_overflow_catwalk
D:5:      layout_loops_corners, zin_purify, hex_large
D:6:      layout_loops_ring, mainiacjoe_overflow_tiny_flanked,
          minmay_temple_entry_hall, eino_small_chamber_without_monster,
          hellmonk_bongcloud_opening, uniq_blork_the_orc, uniq_duvessa

Skill      XL: |  1  2  3  4  5  6  7  8 |
---------------+-------------------------+-----
Maces & Flails | 1 2 3 5 |  5.2
Fighting       | 4 5 6 |  6.6
Dodging        | 1 2 3 4 |  4.8
Armour         | 4 5 6 |  6.5
Shields        | 4 5 6 |  6.6
Invocations    | 1 2 3 4 |  4.2
Axes           | 3 4 5 |  5.8

Action                   |  1- 3 |  4- 6 |  7- 9 || total
-------------------------+-------+-------+-------++-------
Melee: War axe           |    80 |    80 |   147 ||   307
       Headbutt          |    12 |    14 |    28 ||    54
  Use: Potion            |       |     1 |     1 ||     2
Armor: Scale mail        |    46 |    35 |    75 ||   156
Dodge: Dodged            |    56 |    34 |    72 ||   162
Block: Buckler           |    14 |    19 |     4 ||    37
